 Dungeon Crawl Stone Soup version 0.31-a0-187-gba352fbbf7 (webtiles) character file.

Game seed: 6550001662259297656

1634 qw the Skirmisher (level 8, -8/46 HPs)
             Began as a Deep Elf Hunter on June 22, 2023.
             Mangled by Menkaure (16 damage)
             ... on level 5 of the Dungeon.
             The game lasted 00:02:13 (4548 turns).

qw the Skirmisher (Deep Elf Hunter)                 Turns: 4548, Time: 00:02:14

Health: -8/46      AC: 10    Str: 14    XL:     8   Next: 66%
Magic:  10/10      EV: 18    Int: 15    God:
Gold:   299        SH:  0    Dex: 18    Spells: 7/7 levels left

rFire   . . .        Y - +1 shortbow
rCold   . . .        (shield currently unavailable)
rNeg    . . .        g - +0 ring mail
rPois   .            e - +0 helmet
rElec   .            f - +0 cloak
rCorr   .            c - +2 pair of gloves of Generosity {Str+4}
SInv    .            (no boots)
Will    .....        (no amulet)
Stlth   +            j - +5 ring of evasion
HPRegen 0.27/turn    (no ring)
MPRegen 0.12/turn

%: no passive effects
@: about to teleport
A: no striking features
a: no special abilities


You were on level 5 of the Dungeon.
You visited 1 branch of the dungeon, and saw 8 of its levels.
You also visited: Sewer.

You collected 299 gold pieces.


   Skills:
 - Level 3.2 Fighting
 + Level 13.4 Ranged Weapons
 - Level 1.4 Armour
 - Level 4.6 Dodging
 - Level 1.2 Stealth


You had 7 spell levels left.
You didn't know any spells.
Your spell library was empty.

Inventory:

Hand Weapons
 Y - a +1 shortbow (weapon)
Armour
 c - the +2 pair of gloves of Generosity (worn) {Str+4}
   (You found it on level 4 of the Dungeon)

   Str:       It affects your strength (+4).
 e - a +0 helmet (worn)
 f - a +0 cloak (worn)
 g - a +0 ring mail (worn)
Jewellery
 j - a +5 ring of evasion (left hand)
Scrolls
 a - 5 scrolls of teleportation
 b - a scroll of identify
Potions
 d - a potion of cancellation {unknown}
 i - 2 potions of haste

Dungeon Overview and Level Annotations

Branches:
Dungeon (8/15)              Sewer (visited)
 Temple: D:4-7         Lair: D:8-11

Altars:

Shops:
D:4 (

Annotations:
D:5 Menkaure


Message History

You shoot an arrow. The arrow hits the black bear!
You kill the black bear!
You shoot an arrow. The arrow hits the hound.
The hound is severely wounded.
The hound misses you. x2
You shoot an arrow. The arrow hits the hound.
The hound is almost dead.
You shoot an arrow. The arrow barely misses the hound.
The hound closely misses you. The hound barely misses you.
You shoot an arrow. The arrow hits the hound!
You kill the hound!
The hound closely misses you.
You shoot an arrow. The arrow hits the hound.
The hound is severely wounded.
The hound closely misses you.
The hound stops to sniff the ground.
The hound bites you but does no damage.
You shoot an arrow. The arrow misses the hound.
The arrow hits the white imp!
You kill the white imp!
The hound bites you but does no damage.
You shoot an arrow. The arrow barely misses the hound.
The hound completely misses you.
You shoot an arrow. The arrow hits the hound.
The hound is almost dead.
The hound misses you.
You shoot an arrow. The arrow hits the hound!
You kill the hound!
Menkaure calls on the powers of darkness!
Your body is wracked with pain!
You shoot an arrow. The arrow barely misses Menkaure.
Menkaure calls on the powers of darkness!
Your body is wracked with pain!
4547 ||| READING 6 scrolls of teleportation.
As you read the scroll of teleportation, it crumbles to dust.
You feel strangely unstable.
A jelly comes into view.
You shoot an arrow. The arrow hits Menkaure!
Menkaure is moderately damaged.
Menkaure hits you!
You die...

#.##.###.#.#.#
#.##...... #..
#.....#.#.#
#.##...... #.
#######.#.#
#.######## #.
#######.#.# #.# #
....?.#.# #.# #
.......)#
##'########
......J.#
#.........#
#M######......)..#
#@%..........%...#
#....###.........#
#.##..##.........#
#.###..#......%...
#.# ##......#...##
#.# #.#......###
#.. ..###...## #..
.# #..## .# #..#


You could see Menkaure (fast) and a jelly.

Vanquished Creatures
  A water moccasin (D:6)
  A black bear (D:5)
  An ice beast (D:5)
  A sky beast (D:8)
  An ogre (D:5)
  A phantom (D:5)
  4 kobold brigands
  8 killer bees
  2 jellies (D:4)
  2 hounds (D:5)
  3 iguanas
  3 orc wizards
  5 adders
  4 river rats
  A shadow imp (D:5)
  2 white imps (D:5)
  4 worms
  17 orcs
  7 endoplasms
  A giant cockroach (D:4)
  15 goblins
  11 hobgoblins
  6 jackals
  14 kobolds
  5 quokkas
  8 ball pythons
  4 bats
  6 frilled lizards
  4 rats
142 creatures vanquished.

Notes
Turn   | Place    | Note
-------+----------+-------------------------------------------
     0 | D:1      | qw the Deep Elf Hunter began the quest for the Orb.
     0 | D:1      | Reached XP level 1. HP: 12/12 MP: 3/3
     0 | D:1      | 0 ||| qw: Version: 0.3-a-9-g12657ce
     0 | D:1      | 0 ||| qw: Game counter: 2204
     0 | D:1      | 0 ||| qw: Always use a shield: true
     0 | D:1      | 0 ||| qw: God list: Okawaru
     0 | D:1      | 0 ||| qw: Allow faded altars: false
     0 | D:1      | 0 ||| qw: Do Orc after D:15 true
     0 | D:1      | 0 ||| qw: Do second Lair branch before Depths: true
     0 | D:1      | 0 ||| qw: Lair rune preference: random
     0 | D:1      | 0 ||| qw: Plans: Normal
     0 | D:1      | 0 ||| PLANNING D:1-11
    44 | D:1      | Reached skill level 6 in Ranged Weapons
    44 | D:1      | Reached XP level 2. HP: 16/16 MP: 4/4
   513 | D:1      | 513 ||| UPGRADING to +0 ring mail.
   523 | D:1      | 523 ||| DROPPING +0 leather armour.
   524 | D:1      | 524 ||| UPGRADING to +5 ring of evasion.
   525 | D:1      | 525 ||| READING 3 scrolls labelled JUBAOF UDUFOPT.
   529 | D:1      | 529 ||| READING scroll labelled NAUHYO VOGG.
   530 | D:1      | 530 ||| READING scroll labelled FIGGEF OXEUMP.
   531 | D:1      | 531 ||| READING 2 scrolls labelled NEDAGEPTIUC.
   532 | D:1      | 532 ||| READING scroll labelled IRADDY AWKIM.
   533 | D:1      | 533 ||| DROPPING scroll of butterflies.
   534 | D:1      | 534 ||| DROPPING scroll of noise.
   540 | D:2      | Reached XP level 3. HP: 20/20 MP: 5/5
  1133 | D:2      | 1133 ||| UPGRADING to +0 helmet.
  1138 | D:2      | 1138 ||| READING scroll labelled GEAFUELARA.
  1139 | D:2      | 1139 ||| READING 2 scrolls of identify.
  1139 | D:2      | 1139 ||| IDENTIFYING cyan potion
  1140 | D:2      | 1140 ||| DROPPING potion of brilliance.
  1200 | D:3      | 1200 ||| STAIRDANCE
  1204 | D:2      | Reached skill level 7 in Ranged Weapons
  1584 | D:3      | Reached XP level 4. HP: 25/25 MP: 6/6
  1698 | D:3      | 1698 ||| READING scroll labelled QAUSCH ANEPTOEXA.
  1699 | D:3      | 1699 ||| READING scroll labelled XINUOSAILL.
  1870 | D:4      | Found Tusozoze's Weapon Emporium.
  1901 | D:4      | Identified the +2 pair of gloves of Generosity {Str+4}
  1913 | D:4      | Reached skill level 8 in Ranged Weapons
  1933 | D:4      | Reached XP level 5. HP: 29/29 MP: 7/7
  2110 | D:4      | 2110 ||| FLEEEEING.
  2111 | D:4      | 2111 ||| FLEEEEING.
  2112 | D:4      | 2112 ||| FLEEEEING.
  2133 | D:4      | Reached skill level 9 in Ranged Weapons
  2400 | D:4      | 2400 ||| Stepping ~*~*~tactically~*~*~ (outnumbered).
  2415 | D:4      | Reached XP level 6. HP: 12/36 MP: 8/8
  2415 | D:4      | 2415 ||| FLEEEEING.
  2416 | D:4      | 2416 ||| FLEEEEING.
  2417 | D:4      | 2417 ||| FLEEEEING.
  2418 | D:4      | 2418 ||| FLEEEEING.
  2419 | D:4      | 2419 ||| FLEEEEING.
  2420 | D:4      | 2420 ||| FLEEEEING.
  2421 | D:4      | 2421 ||| FLEEEEING.
  2422 | D:4      | 2422 ||| FLEEEEING.
  2423 | D:4      | 2423 ||| FLEEEEING.
  2424 | D:4      | 2424 ||| FLEEEEING.
  2425 | D:4      | 2425 ||| FLEEEEING.
  2426 | D:4      | 2426 ||| FLEEEEING.
  2427 | D:4      | 2427 ||| FLEEEEING.
  2428 | D:4      | 2428 ||| FLEEEEING.
  2429 | D:4      | 2429 ||| FLEEEEING.
  2430 | D:4      | 2430 ||| FLEEEEING.
  2432 | D:4      | 2432 ||| FLEEEEING.
  2433 | D:4      | 2433 ||| FLEEEEING.
  2434 | D:4      | 2434 ||| FLEEEEING.
  2435 | D:4      | 2435 ||| FLEEEEING.
  2436 | D:4      | 2436 ||| FLEEEEING.
  2438 | D:4      | 2438 ||| FLEEEEING.
  2439 | D:4      | 2439 ||| FLEEEEING.
  2446 | D:4      | 2446 ||| FLEEEEING.
  2447 | D:4      | 2447 ||| FLEEEEING.
  2451 | D:4      | 2451 ||| FLEEEEING.
  2452 | D:4      | 2452 ||| FLEEEEING.
  2453 | D:4      | 2453 ||| FLEEEEING.
  2454 | D:4      | 2454 ||| FLEEEEING.
  2465 | D:4      | 2465 ||| FLEEEEING.
  2473 | D:4      | 2473 ||| STAIRDANCE
  2546 | D:3      | 2546 ||| UPGRADING to +2 pair of gloves of Generosity
                  | {Str+4}.
  2551 | D:3      | 2551 ||| UPGRADING to +0 cloak.
  2564 | D:4      | 2564 ||| STAIRDANCE
  2566 | D:4      | 2566 ||| STAIRDANCE
  2647 | D:4      | Reached skill level 1 in Armour
  2648 | D:4      | Reached skill level 3 in Dodging
  2784 | D:4      | HP: 9/36 [poisoned by a killer bee]
  2984 | D:5      | Entered Level 5 of the Dungeon
  2985 | D:5      | 2985 ||| PLANNING SEWER
  3024 | D:5      | Reached skill level 10 in Ranged Weapons
  3024 | D:5      | Reached XP level 7. HP: 34/40 MP: 9/9
  3113 | D:5      | Reached skill level 11 in Ranged Weapons
  3177 | D:5      | You fall into a shaft and drop 3 floors!
  3396 | D:7      | Reached XP level 8. HP: 42/45 MP: 10/10
  3433 | D:7      | 3433 ||| READING scroll labelled BOGUANUMNUR.
  3434 | D:7      | 3434 ||| DRINKING 2 golden potions.
  3443 | D:6      | Reached skill level 12 in Ranged Weapons
  3534 | D:5      | Found a glowing drain.
  3538 | D:5      | 3538 ||| READING scroll labelled QYAGEA KIUNO.
  3539 | D:5      | 3539 ||| READING scroll labelled BIWALIQUUGH.
  3540 | D:5      | 3540 ||| READING scroll labelled KYHEAQ JAUPS.
  3541 | D:5      | 3541 ||| READING 2 scrolls of identify.
  3541 | D:5      | 3541 ||| IDENTIFYING inky potion
  3542 | D:5      | 3542 ||| DROPPING potion of magic.
  3543 | D:5      | 3543 ||| Stepping randomly (stuck).
  3544 | D:5      | 3544 ||| Stepping ~*~*~tactically~*~*~ (cloud).
  3660 | Sewer    | Entered a sewer
  3837 | Sewer    | Reached skill level 3 in Fighting
  4178 | Sewer    | 4178 ||| Stepping ~*~*~tactically~*~*~ (water).
  4390 | D:5      | 4390 ||| PLANNING D:1-11
  4520 | D:5      | Noticed Menkaure
  4521 | D:5      | 4521 ||| Stepping ~*~*~tactically~*~*~ (outnumbered).
  4531 | D:5      | Reached skill level 13 in Ranged Weapons
  4546 | D:5      | HP: 8/46 [??? (5)]
  4547 | D:5      | 4547 ||| READING 6 scrolls of teleportation.
  4548 | D:5      | Mangled by Menkaure

Levels and vault maps discovered:
D:1:      dpeg_arrival_stonehenge_8_columns, layout_basic, minmay_tall_x
D:2:      layout_loops_ring
D:3:      layout_rooms, nicolae_titane
D:4:      layout_basic, serial_shops, nicolae_shop_bloodbath_and_beyond,
          item_on_display_a
D:5:      layout_basic, minmay_temple_entry_arrows,
          cheibrodos_sewer_entry_sluice, uniq_menkaure
D:6:      layout_cave_pools, yredelemnul_forgotten_temple_becter,
          grunt_temple_overflow_open, nicolae_lava_and_water, minmay_crossroads,
          uniq_pikel
D:7:      nicolae_cairo_tiling, layout_basic, mainiacjoe_overflow_chevrons,
          minivault_26, uniq_maggie
D:8:      kennysheep_ambush_hall, layout_loops_ring,
          hangedman_decor_diamond_cutter

Skill      XL: |  1  2  3  4  5  6  7  8 |
---------------+-------------------------+-----
Ranged Weapons | 6 7 8 9 10 11 13 | 13.4
Fighting       | 2 3 |  3.2
Armour         | 1 |  1.4
Dodging        | 3 4 |  4.6
Stealth        | |  1.2

Action                     |  1- 3 |  4- 6 |  7- 9 || total
---------------------------+-------+-------+-------++-------
   Fire: Shortbow          |   132 |   135 |   240 ||   507
    Use: Scroll            |     7 |     2 |     6 ||    15
         Potion            |       |       |     1 ||     1
 Armour: Ring mail         |     3 |    28 |    33 ||    64
  Dodge: Dodged            |    24 |    89 |    78 ||   191

Table legend:
 A = Non-vault XP
 B = Vault XP
 C = Vault XP percentage of total XP
 D = Non-vault monster count
 E = Vault monster count
 F = Vault count percentage of total count
                 A         B        C        D         E       F
            +---------+---------+-------+---------+---------+-------
      Total |    1914 |     421 |  18.0 |     116 |      26 |  18.3
            +---------+---------+-------+---------+---------+-------
        D:1 |      34 |       6 |  15.0 |      21 |       4 |  16.0
        D:2 |      24 |       0 |   0.0 |      12 |       0 |   0.0
        D:3 |      72 |       0 |   0.0 |      19 |       0 |   0.0
        D:4 |     526 |       0 |   0.0 |      25 |       0 |   0.0
        D:5 |     790 |      25 |   3.1 |      23 |       4 |  14.8
        D:6 |     147 |       0 |   0.0 |       1 |       0 |   0.0
        D:7 |     156 |       0 |   0.0 |      11 |       0 |   0.0
        D:8 |     165 |       0 |   0.0 |       4 |       0 |   0.0
      Sewer |       0 |     390 | 100.0 |       0 |      18 | 100.0
            +---------+---------+-------+---------+---------+-------
